 Dungeon Crawl Stone Soup version 0.29.1-1-gd02db6906a (webtiles) character file.

Game seed: 8889947813486712714

2 SSird the Caller (level 1, 0/13 HPs)
             Began as a Barachi Summoner on Sept 15, 2022.
             Slain by a hobgoblin (4 damage)
             ... on level 1 of the Dungeon.
             The game lasted 00:00:50 (285 turns).

SSird the Caller (Barachi Summoner)                  Turns: 285, Time: 00:00:51

Health: 0/13       AC:  2    Str:  9    XL:     1   Next: 40%
Magic:  0/3        EV: 12    Int: 15    God:
Gold:   0          SH:  0    Dex: 12    Spells: 3/4 levels left

rFire   . . .      SeeInvis .   (no weapon)
rCold   . . .      Faith    .   (no shield)
rNeg    . . .      Spirit   .   a - +0 robe
rPois   .          Reflect  .   (no helmet)
rElec   .          Harm     .   (no cloak)
rCorr   .          Rampage  .   (no gloves)
Will    .....                   (no boots)
Stlth   ++........              (no amulet)
HPRegen 0.04/turn               (no ring)
MPRegen 0.08/turn               (no ring)

@: slow
A: amphibious, slowness 1, strong legs 1, +LOS
a: Hop


You were on level 1 of the Dungeon.
You visited 1 branch of the dungeon, and saw 1 of its levels.

Inventory:

Armour
 a - a +0 robe (worn)
Potions
 b - a potion of magic


   Skills:
 + Level 2.1 Dodging
 + Level 1.8 Stealth
 * Level 2.1 Spellcasting
 + Level 5.0 Summonings


You had 3 spell levels left.
You knew the following spells:

 Your Spells              Type           Power      Damage    Failure   Level
a - Summon Small Mammal   Summ           64%        N/A       2%          1

Your spell library contained the following spells:

 Spells                   Type           Power      Damage    Failure   Level
 Call Imp                 Summ           16%        N/A       4%          2
 Call Canine Familiar     Summ           16%        N/A       9%          3
 Summon Guardian Golem    Hex/Summ       9%         N/A       24%         3
 Summon Lightning Spire   Summ/Air       9%         N/A       61%         4


Dungeon Overview and Level Annotations

Branches:
Dungeon (1/15)

Altars:


Innate Abilities, Weirdness & Mutations

You are amphibious.
You cover ground slowly.
You can hop short distances.
You have an extended range of vision and can be seen from far away.


Message History

The endoplasm misses you.
Unknown command.
Casting: Summon Small Mammal (safe; 2% risk of failure)
Confirm with . or Enter, or press ? or * to list all spells.
The endoplasm freezes you.
You are frozen.
The endoplasm barely misses you.
Your rat bites the hobgoblin.
Unknown command.
The hobgoblin attacks as you move away! The hobgoblin closely misses you.
Your bat hits the endoplasm. The hobgoblin misses your bat.
The endoplasm closely misses your bat.
Your rat bites the endoplasm.
Unknown command.
Your bat hits the endoplasm. The endoplasm barely misses your rat.
Your rat bites the endoplasm.
The hobgoblin hits you. The endoplasm hits your rat.
Your rat dies!
Your rat's corpse disappears in a puff of smoke!
Your magical contamination has completely faded away.
Unknown command.
You hit the hobgoblin but do no damage.
The hobgoblin is severely wounded.
Your bat hits the endoplasm but does no damage.
The hobgoblin closely misses you. The endoplasm hits your bat.
Your bat dies!
Your bat's corpse disappears in a puff of smoke!
Unknown command.
Casting: Summon Small Mammal (safe; 2% risk of failure)
Confirm with . or Enter, or press ? or * to list all spells.
You don't have enough magic to cast this spell.
Unknown command.
You closely miss the hobgoblin.
The hobgoblin is severely wounded.
The hobgoblin closely misses you.
Unknown command.
The hobgoblin hits you.
Unknown command.
You hit the endoplasm.
You kill the endoplasm!
The hobgoblin hits you.
You die...

.....# ....#
....## ....#
####...#
#####......#
...........#
.>......g.#
......###@####
.### #......#
#......#
#......#
###'##########
#..........#
##########.#
.# #.# ..# ..
#.# #.#


You could see a hobgoblin.

Vanquished Creatures
  A bat (D:1)
  An endoplasm (D:1)
  A rat (D:1)
3 creatures vanquished.

Vanquished Creatures (collateral kills)
  A rat (D:1)
1 creature vanquished.

Grand Total: 4 creatures vanquished

Notes
Turn   | Place    | Note
-------+----------+-------------------------------------------
     0 | D:1      | SSird the Barachi Summoner began the quest for the Orb.
     0 | D:1      | Reached XP level 1. HP: 13/13 MP: 3/3
   140 | D:1      | Reached skill level 5 in Summonings
   285 | D:1      | Slain by a hobgoblin

Illustrated notes

Levels and vault maps discovered:
D:1:      dpeg_arrival_central, layout_basic, minmay_bisected

Skill      XL: |  1 |
---------------+----+-----
Summonings     | 5 |  5.0
Dodging        | |  2.1
Stealth        | |  1.8
Spellcasting   | |  2.1

Action                   || total
-------------------------++-------
Melee: Unarmed           ||    23
 Cast: Summon Small Mamm ||     7
 Stab: Sleeping          ||     1
Armor: Robe              ||     7
Dodge: Dodged            ||    29
